Unix NetHack Version 5.0.0-0 post-release - last build May 17 2026 04:57:42 (dc50c8380fa5e20985bfe3072449f57b8d9895ef,branch:main).

Game began 2026-05-19 15:32:49, ended 2026-05-20 01:40:33.

Doran, lawful male human Samurai

     --------                  --------           ----------------
     |.$....-####-------       |Z.....|          #........{..%...|   $
     |.....[|   #|h.....#######..b....a@rrr######(|.......>...[..|         $
     |.......#  #|....)|    ###.......|r         #|..........[...-##
     ---.----#  #|.....|    # #--------#         [|..............| #       $
        #    #  #-.....|    # #        #         #---------------- #
        ##   #  #|...!.| 0### #        #         #)                #      *
         #   #  #-.---|-##    #        #          #                #
         # $ ############     #        y          #                #
         #    ###     #       #      $ M          #                #
         #    ?#      #       #        #          #                #
         #    #       #       #       ##          #                #     $ $
         ##  ##       #       #       #    $      #    ################
         -|-..#       #      ##      ##           #                #--.-------
         |...|#   ----.------#       #------------$                #.........|
         |<..|#   |.........|#       #|....[.)...|#          *      |....`..{|
         |....#   |.........|#       #-.[........$$                 |........|
         |...|####...........#        |..........|                  ----------
         -----    -----------         ------------ $

Doran the Ninja        St:14 Dx:16 Co:18 In:9 Wi:13 Ch:8  Lawful S:8844
Dlvl:4  $:0  HP:0(82) Pw:14(42) AC:10 Xp:8 T:8122  Fainted  Deaf

Latest messages:
 Restoring save file...
 Konnichi wa Doran, the human Samurai, welcome back to NetHack!
 You stop searching.
 You stop searching.
 You swap places with your sewer rat.
 You faint from lack of food.
 The giant rat misses the giant ant.
 The giant rat misses the giant ant.
 The giant rat misses it.
 The giant rat misses the giant ant.
 Your sewer rat steps reluctantly onto an uncursed spellbook of cure sickness.
 Your sewer rat steps reluctantly onto an uncursed spellbook of cure sickness.
 You regain consciousness.
 You can hear again.
 You faint from lack of food.
 Your sewer rat steps reluctantly onto an uncursed spellbook of cure sickness.
 The giant ant bites!
 The giant ant bites!
 The giant ant bites!
 The giant ant bites!
 The giant ant bites!
 The giant ant bites!
 You return to human form!
 The giant ant bites!
 The giant ant bites!
 The giant ant bites!
 The giant ant bites!
 The giant ant bites!
 The giant ant bites!
 The giant ant bites!
 The giant ant bites!
 The giant ant bites!
 The giant rat misses the giant ant.
 Your sewer rat steps reluctantly onto an uncursed spellbook of cure sickness.
 The giant ant bites!
 The giant ant bites!
 The giant ant bites!
 Your sewer rat steps reluctantly onto an uncursed spellbook of cure sickness.
 The giant ant bites!
 The giant ant bites!
 The giant rat misses the giant ant.
 Your giant rat steps reluctantly onto an uncursed spellbook of cure sickness.
 The giant ant bites!
 The giant rat misses the giant ant.
 The giant ant bites!
 You die...
 Do you want to see your attributes? [ynq] (y) y
 Do you want an account of creatures vanquished? [ynaq] (y) y
 Do you want to see your conduct and achievements? [ynq] (y) y
 Do you want to see the dungeon overview? [ynq] (y) y

Inventory:
Not carrying anything.
Doran the Samurai's attributes:

Background:
 You were a Ninja, a level 8 male human Samurai.
 You were lawful, on a mission for Amaterasu Omikami
 who was opposed by Raijin (neutral) and Susanowo (chaotic).
 You were right-handed.
 You were in the Dungeons of Doom, on level 4.
 You entered the dungeon 8122 turns ago.
 It was nighttime.
 You had 2061 experience points, 499 more were needed to attain level 9.
 Your score was 8844 before end-of-game adjustments.

Basics:
 You had 0 out of 82 hit points.
 You had 14 out of 42 energy points (spell power).
 Your armor class was 10.
 Your wallet was empty.
 Autopickup was on for '$"?/=+!*' plus thrown, with exceptions.

Final Characteristics:
 Your strength was 14 (base:15, limit:18/100).
 Your dexterity was 16 (limit:18).
 Your constitution was 18 (limit:18).
 Your intelligence was 9 (limit:18).
 Your wisdom was 13 (limit:18).
 Your charisma was 8 (limit:18).

Final Status:
 You were deaf.
 You were fainted due to starvation.
 You were unencumbered.
 You were bare handed.
 You had basic skill with martial arts.
 You weren't wearing any armor.

Final Attributes:
 You were piously aligned.
 You were level-drain resistant.
 You aggravated monsters.
 You were a wererat.
 You were harmed by silver.
 You were fast.
 You were unlucky.
 Amaterasu Omikami was angry with you.
 You are dead.

Miscellaneous:
 You encountered 1 bones level.
 Total elapsed playing time was 3 hours, 3 minutes and 53 seconds.

Major events:
 Turn
    1: Doran the lawful male human Samurai entered the dungeon
  633: attained the rank of Ronin (level 3)
  999: entered the Gnomish Mines
 1661: reached Mine Town
 1902: attained the rank of Ninja (level 6)
 2202: made his first wish - "blessed greased fireproof +2 gray dragon scale mail", got "a greased gray dragon scale mail"
 8122: killed by a giant ant, while fainted from lack of food

Spells:
 Name                 Level Category     Fail Retention
 cure sickness          3   healing      100%  76%-100%

Skills:
 Fighting Skills
   martial arts      [Basic]
   two weapon combat [Unskilled]
   riding            [Unskilled]
 Weapon Skills
   dagger            [Unskilled]
   knife             [Unskilled]
   short sword       [Basic]
   broadsword        [Unskilled]
   long sword        [Basic]
   two-handed sword  [Unskilled]
   saber             [Unskilled]
   flail             [Unskilled]
   quarterstaff      [Unskilled]
   polearms          [Unskilled]
   spear             [Unskilled]
   lance             [Unskilled]
   bow               [Basic]
   shuriken          [Unskilled]
 Spellcasting Skills
   attack spells     [Unskilled]
   divination spells [Unskilled]
   clerical spells   [Unskilled]

Voluntary challenges:
 Character rerolling was not enabled.
 You never genocided any monsters.
 You never polymorphed an object.
 You used 1 wish.
 You did not wish for any artifacts.
Achievements:
 You attained the rank of Ronin.
 You entered a shop.
 You entered the Gnomish Mines.
 You entered Minetown.
 You entered a temple.
 You attained the rank of Ninja.

 The Dungeons of Doom: levels 1 to 6
    Level 1:
    Level 2:
       A ring shop.
    Level 3:
       Stairs down to The Gnomish Mines.
    Level 4: <- You were here.
       Some fountains.
       Final resting place for
          you, killed by a giant ant, while fainted from lack of food.
    Level 5:
    Level 6:
       Some fountains.
 The Gnomish Mines: levels 4 to 10
    Level 4:
    Level 5:
    Level 6:
       Many shops, a temple and an altar, many fountains.
    Level 7: "fucking nymph"
    Level 8: "bones"
       A grave.
       Final resting place for
          FutureTim-Val-Hum-Fem-Law, killed by a garter snake, while frozen by a floating eye's gaze.
    Level 9:
    Level 10:


Vanquished creatures:
  a ghost
  a large mimic
 an ettin mummy
  a watchman
  a quivering blob
  a winter wolf cub
  a leprechaun
 an iron piercer
  a giant spider
  a vampire bat
  2 gold golems
  2 Green-elves
  2 lizards
  a dingo
  a dog
  a gray unicorn
  a dust vortex
 an ape
  a human zombie
  2 Woodland-elves
  2 fire ants
  a bugbear
  a quasit
  a wood nymph
  a water nymph
  6 Mordor orcs
  2 yellow lights
  a violet fungus
 12 gnome leaders
  3 gnomish wizards
  a kobold mummy
  2 ghouls
  2 giant ants
  a little dog
  2 floating eyes
  3 dwarves
  a homunculus
  a kobold shaman
 15 hill orcs
  3 rothes
  2 giant bats
  a monkey
  a wererat
  a werejackal
  5 iguanas
  a coyote
  a hobgoblin
  3 giant rats
  2 brown molds
  a green mold
 46 gnomes
 12 garter snakes
  2 gnome zombies
  8 geckos
 13 jackals
  2 goblins
 12 sewer rats
 13 grid bugs
  8 lichens
  a kobold zombie
  8 newts
228 creatures vanquished.

No species were genocided or became extinct.

Game over:
                       ----------
                      /          \
                     /    REST    \
                    /      IN      \
                   /     PEACE      \
                  /                  \
                  |      Doran       |
                  |       0 Au       |
                  |   killed by a    |
                  |    giant ant     |
                  |                  |
                  |                  |
                  |       2026       |
                 *|     *  *  *      | *
        _________)/\\_//(\/(/\)/\//\/|_)_______

Sayonara Doran the Samurai...

You died in The Dungeons of Doom on dungeon level 4 with 8844 points,
and 0 pieces of gold, after 8122 moves.
You were level 8 with a maximum of 82 hit points when you died.

